 Dungeon Crawl Stone Soup version 0.23.2-40-g277498a001 (webtiles) character file.

Game seed: 10193307017450155309

3770 DawwaD the Cleaver (level 9, -10/118 HPs)
             Began as a Minotaur Berserker on Aug 22, 2019.
             Was an Elder of Trog.
             Mangled by a slime creature (16 damage)
             ... on level 8 of the Dungeon.
             The game lasted 00:54:49 (8074 turns).

DawwaD the Cleaver (Minotaur Berserker)             Turns: 8074, Time: 00:54:52

Health: -10/118    AC:  9    Str: 29    XL:     9   Next: 94%
Magic:  8/8        EV: 15    Int:  4    God:    Trog [****..]
Gold:   376        SH:  0    Dex: 11    Spells: 8/8 levels left

rFire    . . .     SeeInvis .   E - +4 battleaxe
rCold    . . .     Gourm    +   (shield currently unavailable)
rNeg     . . .     Faith    .   n - +0 scale mail {rPois}
rPois    +         Spirit   .   (helmet restricted)
rElec    .         Reflect  .   A - +0 cloak
rCorr    .         Harm     .   (no gloves)
MR       .....                  (no boots)
Stlth    ..........             G - amulet of the gourmand
HPRegen  0.29/turn              (no ring)
MPRegen  0.11/turn              v - +4 ring of evasion

@: berserking (expiring), very quick
A: retaliatory headbutt, horns 2
a: Berserk, Trog's Hand, Brothers in Arms, Renounce Religion


You were on level 8 of the Dungeon.
You worshipped Trog.
Trog was greatly pleased with you.
You were full.

You visited 2 branches of the dungeon, and saw 9 of its levels.

You collected 376 gold pieces.

Inventory:

Hand Weapons
 a - a +0 hand axe
 d - a +0 hand axe
 i - a +2 whip of pain
 l - a +0 hand axe
 p - a +2 flail of protection
 r - a +3 dagger of speed
 y - a +3 quarterstaff of chaos
 D - a cursed +0 trident
 E - a +4 battleaxe (weapon)
 H - a +2 hand axe
 I - a +3 war axe
 J - a +3 falchion of freezing
 K - the +6 scimitar of Gozag's Pride {freeze, Dex+4}
   (You found it on level 6 of the Dungeon)

   It has been specially enchanted to freeze those struck by it, causing extra
   injury to most foes and up to half again as much damage against particularly
   susceptible opponents.
   It can also slow down cold-blooded creatures.
   It affects your dexterity (+4).
Missiles
 M - 2 throwing nets (quivered)
Armour
 b - a +0 animal skin
 n - a +0 scale mail of poison resistance (worn)
 A - a +0 cloak (worn)
 T - +0 steam dragon scales
Magical Staves
 L - a cursed staff of poison {unknown}
Jewellery
 j - an uncursed ring of teleportation
 v - a +4 ring of evasion (right hand)
 G - an amulet of the gourmand (around neck)
Wands
 q - a wand of random effects (18)
 B - a wand of disintegration (22)
 S - a wand of iceblast (21)
 U - a wand of enslavement (8)
 V - a wand of digging (7)
Scrolls
 g - 2 scrolls of identify
 h - 2 scrolls of teleportation
 s - a scroll of fog
 w - 2 scrolls of remove curse
 C - 2 scrolls of blinking
 F - a scroll of amnesia
 Q - a scroll of torment {unknown}
 R - a scroll of immolation {unknown}
Potions
 c - 2 potions of might {unknown}
 e - 5 potions of degeneration {unknown}
 f - 5 potions of agility
 k - 2 potions of heal wounds {unknown}
 o - a potion of curing {unknown}
 t - 3 potions of invisibility {unknown}
 u - 3 potions of haste {unknown}
 x - a potion of flight {unknown}
 z - a potion of ambrosia {unknown}
 N - a potion of lignification {unknown}
 O - a potion of resistance {unknown}
 P - 2 potions of experience {unknown}
Comestibles
 m - 13 rations


   Skills:
 + Level 7.2 Fighting
 * Level 11.5(12.5) Axes
 - Level 8.3(11.0) Maces & Flails
 + Level 0.6 Throwing
 + Level 7.5 Armour
 - Level 2.8 Dodging
 - Level 0.6 Stealth


You had 8 spell levels left.
You didn't know any spells.
Your spell library contained the following spells:

 Spells                   Type           Power        Failure   Level  Hunger
 Magic Dart               Conj           #...         73%         1    ##.....
 Searing Ray              Conj           #.....       86%         2    ###....
 Dazzling Spray           Conj/Hex       #.....       97%         3    ####...
 Force Lance              Conj/Tloc      #.......     100%        4    #####..
 Fulminant Prism          Conj/Hex       #.........   100%        4    #####..
 Iskenderun's Mystic Bla  Conj           #.......     100%        4    #####..


Dungeon Overview and Level Annotations

Branches:
Dungeon (8/15)             Temple (1/1) D:4            Lair (0/6) D:8

Altars:
Ashenzari
Cheibriados
Dithmenos
Elyvilon
Fedhas
Gozag
Hepliaklqana
Kikubaaqudgha
Makhleb
Nemelex Xobeh
Okawaru
Qazlal
Ru
Sif Muna
Trog
Uskayaw
Vehumet
Wu Jian
Xom
Yredelemnul
Zin
The Shining One

Shops:
D:6 (   D:7 =   D:8 =

Annotations:
D:8 1 transporter


Innate Abilities, Weirdness & Mutations

You reflexively headbutt those who attack you in melee.
You have a pair of horns on your head.


Message History

An enormous slime creature splits.
Two slime creatures merge to form a very large slime creature.
Okay, then.
You hit the slime creature.
You kill the slime creature!
Trog accepts your kill.
You barely miss the very large slime creature.
You barely miss the large slime creature.
You slice the large slime creature!!
The large slime creature is severely wounded.
You slash the very large slime creature!
A large slime creature splits.
You slice the slime creature!!
The slime creature is almost dead.
You slice the slime creature!!
You kill the slime creature!
Trog accepts your kill.
You slash the very large slime creature!
The slime creature hits you!
You die...

#######.....## #....#
#.....#.###..### #....#
#.#...#.##..©..#
#....#######
##.#.###.########
#...........
.........##.###?#
#.#.........
##.#.#####[.#.#!.#
#(#.######## #.#.#
#©........##.#.# #.#.#
###....J####.#.# #.#.#
#.....J@# #.#.# ####.#
##.....####.#.# ..##.#
.........##.#.# ⌠.##.#
#..#.#$.###.# 8.##.# ##
###.##...# ..##.#
########.#...#
.8##.######..©..##.#.###
(.#...........####.#.#
.............## #.#.#


You could see a very large slime creature and a slime creature.

Vanquished Creatures
  The ghost of Folks the Conjurer, a novice DgCj (D:7)
  Prince Ribbit (D:7)
  4 slime creatures (D:8)
  Sigmund (D:4)
  A steam dragon (D:7)
  Menkaure (D:6)
  An ice beast (D:8)
  A sky beast (D:5)
  2 phantoms
  An ogre (D:7)
  A bullfrog (D:7)
  11 killer bees
  7 wights (D:6)
  2 crimson imps
  A hound (D:5)
  A bullfrog skeleton (D:4)
  A centaur skeleton (D:7)
  An orc priest (D:4)
  An orc wizard (D:2)
  Crazy Yiuf (D:5)
  2 iguanas
  4 worker ants
  Ijyb (D:3)
  A hound skeleton (D:4)
  2 worker ant zombies
  Robin (D:3)
  5 adders
  3 shadow imps (D:6)
  An adder skeleton (D:3)
  3 worms
  3 dart slugs
  4 leopard geckos
  5 orcs
  6 giant cockroaches
  18 goblins
  7 hobgoblins
  11 jackals
  5 quokkas
  2 ball pythons (D:1)
  6 bats
  6 frilled lizards
  5 kobolds
  2 rats
144 creatures vanquished.

Vanquished Creatures (others)
  A killer bee (D:8)
1 creature vanquished.

Grand Total: 145 creatures vanquished

Notes
Turn   | Place    | Note
-------+----------+-------------------------------------------
     0 | D:1      | DawwaD the Minotaur Berserker began the quest for the Orb.
     0 | D:1      | Reached XP level 1. HP: 19/19 MP: 0/0
   784 | D:1      | Reached XP level 2. HP: 27/27 MP: 1/1
  1249 | D:1      | Reached skill level 4 in Axes
  1504 | D:2      | Reached XP level 3. HP: 33/33 MP: 2/2
  2221 | D:2      | Reached ** piety under Trog
  2229 | D:3      | Reached XP level 4. HP: 34/41 MP: 3/3
  2262 | D:2      | Reached skill level 1 in Maces & Flails
  2527 | D:3      | Found a shimmering altar of Xom.
  2760 | D:3      | Noticed Robin
  2773 | D:3      | Reached XP level 5. HP: 47/47 MP: 4/4
  2776 | D:3      | Killed Robin
  2853 | D:3      | Noticed Ijyb
  2872 | D:3      | Killed Ijyb
  2872 | D:3      | Reached skill level 5 in Fighting
  3292 | D:4      | Found a staircase to the Ecumenical Temple.
  3518 | D:4      | Reached *** piety under Trog
  3536 | D:4      | Noticed Sigmund
  3553 | D:4      | Killed Sigmund
  3553 | D:4      | Reached skill level 5 in Maces & Flails
  3553 | D:4      | Reached XP level 6. HP: 36/56 MP: 5/5
  3998 | Temple   | Entered the Ecumenical Temple
  4253 | D:5      | Entered Level 5 of the Dungeon
  4287 | D:5      | Found a stormy altar of Qazlal.
  4315 | D:5      | Noticed a sky beast
  4324 | D:5      | Killed a sky beast
  4324 | D:5      | Reached XP level 7. HP: 61/61 MP: 6/6
  4440 | D:5      | Found a blossoming altar of Fedhas.
  4572 | D:5      | Found a runed translucent door.
  4573 | D:5      | Noticed Crazy Yiuf
  4583 | D:5      | Killed Crazy Yiuf
  5382 | D:6      | Noticed Menkaure
  5397 | D:6      | Killed Menkaure
  5547 | D:6      | Reached skill level 5 in Armour
  5558 | D:6      | Reached XP level 8. HP: 57/70 MP: 7/7
  5657 | D:6      | Found Asuqeij's Weapon Emporium.
  5802 | D:6      | Reached skill level 5 in Axes
  5861 | D:6      | Got an encrusted scimitar
  5868 | D:6      | Identified the +6 scimitar of Gozag's Pride {freeze, Dex+4}
                  | (You found it on level 6 of the Dungeon)
  6409 | D:7      | Reached skill level 6 in Axes
  6424 | D:7      | Reached skill level 7 in Axes
  6735 | D:7      | Noticed Prince Ribbit
  6870 | D:7      | Found Tuixi's Jewellery Shop.
  7007 | D:7      | Killed Prince Ribbit
  7007 | D:7      | Reached skill level 8 in Axes
  7007 | D:7      | Reached XP level 9. HP: 78/78 MP: 8/8
  7102 | D:7      | Found a runed translucent gate.
  7103 | D:7      | Found a runed translucent gate.
  7103 | D:7      | Found a runed translucent gate.
  7103 | D:7      | Noticed Folks's ghost (novice DgCj)
  7124 | D:7      | Killed Folks's ghost
  7124 | D:7      | Reached skill level 9 in Axes
  7437 | D:8      | Reached skill level 10 in Axes
  7439 | D:8      | Reached **** piety under Trog
  7714 | D:8      | Found Lola's Jewellery Shoppe.
  7782 | D:8      | Found a staircase to the Lair.
  8057 | D:8      | Found a transporter.
  8060 | D:8      | Found a transporter.
  8065 | D:8      | HP: 5/118 [slime creature (13)]
  8070 | D:8      | HP: 5/118 [slime creature (1)]
  8071 | D:8      | Reached skill level 11 in Axes
  8074 | D:8      | Mangled by a slime creature

Skill      XL: |  1  2  3  4  5  6  7  8  9 |
---------------+----------------------------+-----
Fighting       | 4 5 6 7 |  7.2
Axes           | 4 8 11 | 11.5
Armour         | 3 4 5 6 7 |  7.5
Maces & Flails | 1 5 6 8 |  8.3
Throwing       | |  0.6
Dodging        | |  2.8
Stealth        | |  0.6

Action                   |  1- 3 |  4- 6 |  7- 9 || total
-------------------------+-------+-------+-------++-------
Melee: Hand axe          |    68 |     5 |       ||    73
       Headbutt          |    13 |    16 |    31 ||    60
       Flail             |       |   119 |    53 ||   172
       Battleaxe         |       |       |   108 ||   108
Throw: Throwing net      |       |       |     2 ||     2
Invok: Berserk           |     1 |     3 |     7 ||    11
       Trog's Hand       |       |     1 |     4 ||     5
  Use: Scroll            |       |       |     7 ||     7
       Potion            |       |       |     1 ||     1
  Eat: Ration            |     2 |     1 |     3 ||     6
       Chunk             |     1 |     4 |    14 ||    19
Armor: Animal skin       |    11 |       |       ||    11
       Scale mail        |    19 |    44 |    49 ||   112
Dodge: Dodged            |    53 |    55 |   117 ||   225
